 Dungeon Crawl Stone Soup version 0.17-a0-1646-geb1493d (webtiles) character file.

5609 PoeticJustice the Protected (level 10, -2/132 HPs)
             Began as a Hill Orc Gladiator on Aug 10, 2015.
             Was a Believer of Cheibriados.
             Slain by a white ugly thing (13 damage)
             ... on level 10 of the Dungeon.
             The game lasted 00:52:10 (9116 turns).

PoeticJustice the Protected (Hill Orc Gladiator)    Turns: 9116, Time: 00:52:10

Health: -2/132     AC: 25    Str: 27    XL:     10   Next: 73%
Magic:  14/14      EV:  2    Int: 13    God:    Cheibriados [**....]
Gold:   590        SH:  0    Dex: 16    Spells: 0 memorised, 9 levels left

rFire  . . .     SeeInvis .     B - +1 halberd
rCold  . . .     Clarity  .     (armour currently unavailable)
rNeg   + + +     SustAt   .     (no shield)
rPois  +         Gourm    .     (helmet currently unavailable)
rElec  .         Spirit   .     (cloak currently unavailable)
rCorr  .         Warding  .     (gloves currently unavailable)
rMut   .         NoTele   +     (boots currently unavailable)
MR     +....                    F - amulet of regeneration
Stlth  +.........               f - ring of protection from magic
                                t - ring of invisibility

@: tree-form, very slow, somewhat resistant to hostile enchantments, very
unstealthy
A: no striking features
a: Bend Time, Renounce Religion, Evoke Invisibility


You were on level 10 of the Dungeon.
You worshipped Cheibriados.
Cheibriados was pleased with you.
You were hungry.
You were a tree.
You visited 2 branches of the dungeon, and saw 12 of its levels.
You also visited: Bailey.

You collected 626 gold pieces.
You spent 36 gold pieces at shops.

Inventory:

Hand weapons
 a - a +3 trident of flaming
 B - a +1 halberd (weapon)
 K - a -2 glaive
Missiles
 d - 3 throwing nets (quivered)
Armour
 b - a +0 leather armour
 c - a +0 helmet (melded)
 m - a +0 chain mail
 v - a +0 plate armour
 L - a +5 crystal plate armour (melded)
Jewellery
 f - a ring of protection from magic (right branch)
 n - an uncursed ring of teleportation
 p - an uncursed ring of ice
 q - an uncursed amulet of clarity
 t - a ring of invisibility (left branch)
 u - an uncursed ring of protection from magic
 F - an amulet of regeneration (around neck)
Magical devices
 r - a wand of polymorph (14)
 I - a wand of digging (15)
 J - a wand of disintegration (18)
 N - a wand of fireball (6)
 P - a wand of confusion (28)
Scrolls
 x - 4 scrolls of teleportation
 C - 2 scrolls of magic mapping
 E - 3 scrolls of remove curse
 G - a scroll of amnesia
Potions
 h - 2 potions of mutation
 i - a potion of brilliance
 j - a potion of ambrosia
 o - 4 potions of magic
 z - 2 potions of haste
 D - a potion of flight
 M - 2 potions of cure mutation
Comestibles
 e - 9 bread rations
 g - 4 meat rations
 k - 3 beef jerkies
 s - 3 fruits
 A - 8 chunks of flesh
 H - 7 slices of pizza


   Skills:
 - Level 8.0 Fighting
 + Level 10.2 Polearms
 - Level 2.0 Throwing
 + Level 11.1 Armour
 - Level 2.4 Dodging
 + Level 5.5 Invocations


You had 9 spell levels left.
You didn't know any spells.

Dungeon Overview and Level Annotations

Branches:
Dungeon (11/15)            Temple (1/1) D:7
   Lair: D:8-11         Orc: D:9-12

Altars:
Ashenzari
Cheibriados
Elyvilon
Fedhas
Gozag
Makhleb
Nemelex Xobeh
Okawaru
Qazlal
Ru
Sif Muna
Vehumet
Xom
Yredelemnul
Zin
The Shining One

Shops:
D:5 ?   D:7 =   D:10 }

Annotations:
D:3 Jessica


Message History

The white ugly thing is heavily wounded.
The white ugly thing punches you but does no damage.
The sky beast flickers out of sight!
Deactivating autopickup; reactivate with Ctrl-A.
Something hits you.
* * * LOW HITPOINT WARNING * * *
Something shocks you.
* * * LOW HITPOINT WARNING * * *
Read which item? (? for menu, Esc to quit)
Okay, then.
Use which ability? (? or * to list)
You fail to use your ability.
The white ugly thing punches you but does no damage.
Something hits you but does no damage.
You closely miss the white ugly thing.
The white ugly thing is heavily wounded.
The white ugly thing punches you.
* * * LOW HITPOINT WARNING * * *
The white ugly thing freezes you!
You die...

#..#### ##.....# #........#
#..#..#### #.....# ###........
#........####....####..........
#..........#..........∩......##
###...........................###
#.................#######....##
...................# ###.##
................{u.# ##.#
................♣..# #.## #
...................## #..###
...........[........# #..#..
....................### ##....
......................#######))..
.........................##.)....
......................##....###..
......................####..# ##.
......................# #.## ##


You could see a white ugly thing.

Vanquished Creatures
  A hill giant (D:10)
  A gargoyle (D:10)
  2 hogs (D:7)
  A deep elf mage (D:9)
  A hippogriff (D:11)
  A human (D:7)
  A black bear (D:9)
  2 water moccasins (D:7)
  3 sky beasts
  2 ogres
  9 orc warriors
  5 centaurs
  4 phantoms
  2 ice beasts
  Blork the orc (D:5)
  A giant frog (D:11)
  A water moccasin skeleton (D:5)
  4 wights (D:11)
  4 killer bees (D:10)
  4 crimson imps
  2 hounds
  3 jellies
  An iguana (D:8)
  An orc priest (D:10)
  2 giant frog skeletons
  A gnoll shaman (D:4)
  Terence (D:3)
  5 orc wizards
  2 sheep (D:7)
  5 worker ants
  2 hound zombies
  5 gnolls
  9 adders
  2 shadow imps
  An ooze (D:6)
  An adder zombie (D:5)
  A worm (D:4)
  7 giant geckos
  38 orcs
  2 ball pythons
  15 goblins
  4 hobgoblins
  12 jackals
  14 kobolds
  4 quokkas
  6 bats
  7 giant cockroaches
  A giant gecko skeleton (D:7)
  4 giant newts
  A jackal skeleton (D:7)
  7 rats
  A spectral orc (D:5)
217 creatures vanquished.

Vanquished Creatures (collateral kills)
  A big kobold (D:9)
  2 kobolds (D:9)
3 creatures vanquished.

Vanquished Creatures (others)
  An orc (Bailey)
1 creature vanquished.

Grand Total: 221 creatures vanquished

Notes
Turn   | Place    | Note
--------------------------------------------------------------
     0 | D:1      | PoeticJustice the Hill Orc Gladiator began the quest for the Orb.
     0 | D:1      | Reached XP level 1. HP: 18/18 MP: 1/1
   124 | D:1      | Reached XP level 2. HP: 16/26 MP: 2/2
   601 | D:2      | Reached skill level 4 in Fighting
   606 | D:2      | Reached XP level 3. HP: 20/33 MP: 3/3
  1043 | D:2      | Found a shimmering altar of Xom.
  1157 | D:3      | Reached skill level 5 in Fighting
  1171 | D:3      | Reached XP level 4. HP: 36/42 MP: 4/4
  1347 | D:3      | Noticed Terence
  1358 | D:3      | Killed Terence
  1670 | D:3      | Noticed Jessica
  1834 | D:4      | Reached skill level 6 in Fighting
  1902 | D:4      | Reached XP level 5. HP: 37/50 MP: 5/5
  3117 | D:5      | Entered Level 5 of the Dungeon
  3130 | D:5      | Noticed Blork the orc
  3147 | D:5      | Killed Blork the orc
  3147 | D:5      | Reached XP level 6. HP: 50/58 MP: 6/6
  3151 | D:5      | Noticed a centaur
  3170 | D:5      | Killed a centaur
  3170 | D:5      | Reached skill level 7 in Fighting
  3393 | D:4      | Reached skill level 5 in Polearms
  3489 | D:5      | Reached XP level 7. HP: 63/66 MP: 7/7
  3497 | D:5      | Found Nerueppu's Magic Scroll Shop.
  3501 | D:5      | Bought a scroll of remove curse for 36 gold pieces
  3636 | D:5      | Found a basalt altar of Yredelemnul.
  3687 | D:5      | Found a blossoming altar of Fedhas.
  3688 | D:5      | Noticed a centaur
  3701 | D:5      | Killed a centaur
  3730 | D:5      | Reached skill level 8 in Fighting
  3845 | D:5      | Noticed an ogre
  3852 | D:5      | Killed an ogre
  3852 | D:5      | Reached skill level 1 in Armour
  4395 | D:6      | Reached XP level 8. HP: 54/74 MP: 8/8
  4683 | D:6      | Found a stormy altar of Qazlal.
  5250 | D:7      | Reached skill level 5 in Armour
  5442 | D:7      | Reached XP level 9. HP: 76/81 MP: 9/9
  5507 | D:7      | Found a staircase to the Ecumenical Temple.
  5727 | D:7      | Found a flagged portal.
  5739 | Bailey   | Entered a bailey
  5962 | Bailey   | Noticed an orc knight
  6173 | D:7      | Found a shattered altar of Ashenzari.
  6251 | D:7      | Found Wesiel's Jewellery Emporium.
  6448 | D:7      | Reached skill level 9 in Armour
  6490 | Temple   | Entered the Ecumenical Temple
  6515 | Temple   | Became a worshipper of Cheibriados the Contemplative
  7128 | D:9      | Acquired Cheibriados's first power
  7252 | D:9      | Reached skill level 10 in Armour
  7272 | D:9      | Reached XP level 10. HP: 83/88 MP: 10/10
  7644 | D:10     | Entered Level 10 of the Dungeon
  7787 | D:10     | Found Fiuc's Gadget Shoppe.
  7852 | D:10     | Reached skill level 1 in Invocations
  8255 | D:10     | Noticed a hill giant
  8284 | D:10     | Killed a hill giant
  8839 | D:11     | Reached skill level 10 in Polearms
  8955 | D:11     | Reached skill level 5 in Invocations
  9025 | D:11     | Reached skill level 11 in Armour
  9085 | D:11     | Noticed a white ugly thing
  9116 | D:10     | Slain by a white ugly thing

Vault maps used:
D:1:      minmay_arrival_checkered_box, serial_glass, glass_columns_a,
          glass_columns_c
D:2:      overflow_temple_1_default
D:3:      uniq_jessica, uniq_terence
D:4:      first_bread
D:5:      lemuel_round_altar, yredelemnul_forgotten_temple_becter, serial_shops,
          nicolae_shop_trees, kennysheep_generic_room_9, uniq_blork_the_orc
D:6:      nicolae_qazlal_eye_of_the_storm, kennysheep_big_empty_room
D:7:      kennysheep_mini, temple_pool_b, enter_bailey_3, serial_shops,
          nicolae_shop_waterfront, grunt_livestock
D:8:      nrook_mini_backslash, hangedman_decor_push
D:10:     serial_shops, shop
D:11:     minmay_lair_entry_lava, laboratory, uniq_harold
Temple:   water_room_temple_a_12
Bailey:   bailey_polearm_2, bailey

Action                   |  1- 3 |  4- 6 |  7- 9 | 10-12 || total
-------------------------+-------+-------+-------+-------++-------
Melee: Trident           |   177 |   203 |   571 |   196 ||  1147
       Halberd           |       |       |       |    37 ||    37
  Use: Scroll            |     4 |     9 |     8 |    11 ||    32
       Potion            |       |     9 |     1 |     7 ||    17
  Eat: Chunk             |     1 |     6 |    13 |     3 ||    23
       Pizza             |       |     1 |     1 |       ||     2
       Beef jerky        |       |       |     1 |       ||     1
